General information
- name: BNet
- type: Ladder team game (AT/RT)
- host: Battle.net
- saver: Jade
map: MarketSquare
- players: 8
- length: 69:45
- speed: Fast
- version: 1.26 W3XP
- replay type: Public
» download(389 KB)
Players
team 1 (loser)
ExC3lM4tt (
red | 29 APM | 1983 actions | 69:22)
10 Death Knight
3 Death Coil
3 Unholy Aura
3 Death Pact
1 Animate Dead
7 Lich
3 Frost Nova
3 Frost Armor
1 Death and Decay
» actions
| Build / train | 55 | |
| Enter build submenu | 17 | |
| Enter hero's abilities submenu | 17 | |
| Give item / drop item | 3 | |
| Remove unit from queue | 2 | |
| Right click | 1416 | |
| Select / deselect | 352 | |
| Use ability | 121 | |
1983 total
» units
| Acolyte | 2 | |
| Ghoul | 5 | |
| Crypt Fiend | 6 | |
| Frost Wyrm | 3 | |
16 total
» upgrades
| Creature Attack | 3 | |
| Creature Carapace | 2 | |
| Web | 1 | |
6 total
» buildings
| Graveyard | 1 | |
| Crypt | 1 | |
| Altar of Darkness | 1 | |
| Ziggurat | 7 | |
| Tomb of Relics | 1 | |
| Nerubian Tower | 1 | |
| Halls of the Dead | 1 | |
| Black Citadel | 1 | |
| Sacrificial Pit | 1 | |
| Boneyard | 3 | |
18 total
» build order
00:15 Graveyard
00:20 Crypt
00:31 Altar of Darkness
00:48 Ziggurat
01:03 Ziggurat
01:31 Tomb of Relics
02:59 Nerubian Tower
03:29 Ziggurat
04:24 Halls of the Dead
04:58 Ziggurat
06:38 Ziggurat
07:33 Black Citadel
08:45 Sacrificial Pit
09:43 Ziggurat
09:57 Boneyard
10:00 Boneyard
10:08 Boneyard
11:25 Ziggurat
» items
| Rod of Necromancy | 1 | |
| Scroll of Town Portal | 2 | |
| Potion of Lesser Invulnerability | 2 | |
| Scroll of Healing | 1 | |
| Scroll of Regeneration | 1 | |
| Staff of Teleportation | 1 | |
| Dust of Appearance | 1 | |
9 total
cooner (
orange | 62 APM | 4267 actions | 68:36)
8 Priestess of the Moon
3 Trueshot Aura
2 Scout
2 Searing Arrows
1 Starfall
» actions
| Assign group hotkey | 16 | |
| Basic commands | 8 | |
| Build / train | 114 | |
| Enter build submenu | 18 | |
| Enter hero's abilities submenu | 9 | |
| Give item / drop item | 1 | |
| Remove unit from queue | 1 | |
| Right click | 3287 | |
| Select / deselect | 551 | |
| Select group hotkey | 53 | |
| Use ability | 209 | |
4267 total
» units
| Wisp | 12 | |
| Archer | 29 | |
| Hippogryph | 11 | |
52 total
» upgrades
| Strength of the Moon | 3 | |
| Moon Armor | 2 | |
| Improved Bows | 1 | |
| Hippogryph Taming | 1 | |
| Strength of the Wild | 1 | |
| Marksmanship | 1 | |
9 total
» buildings
| Moon Well | 6 | |
| Altar of Elders | 1 | |
| Ancient of War | 2 | |
| Ancient of Wonders | 1 | |
| Tree of Ages | 4 | |
| Hunter's Hall | 1 | |
| Ancient Protector | 1 | |
| Ancient of Wind | 2 | |
| Tree of Eternity | 3 | |
| Tree of Life | 1 | |
22 total
» build order
00:26 Moon Well
00:40 Altar of Elders
01:24 Ancient of War
01:34 Moon Well
02:15 Ancient of War
02:24 Moon Well
02:31 Ancient of Wonders
04:26 Tree of Ages
04:26 Tree of Ages
04:54 Hunter's Hall
06:07 Ancient Protector
07:48 Ancient of Wind
07:55 Ancient of Wind
09:39 Moon Well
10:08 Moon Well
10:55 Tree of Eternity
10:55 Tree of Eternity
12:13 Moon Well
16:13 Tree of Life
» items
| Dust of Appearance | 1 | |
| Scroll of Town Portal | 2 | |
3 total
I_Hustle (
blue | 32 APM | 2200 actions | 68:17)
7 Archmage
3 Summon Water Elemental
2 Brilliance Aura
1 Blizzard
1 Mass Teleport
7 Paladin
3 Holy Light
2 Devotion Aura
1 Divine Shield
1 Resurrection
» actions
| Basic commands | 8 | |
| Build / train | 99 | |
| Enter build submenu | 40 | |
| Enter hero's abilities submenu | 14 | |
| Right click | 920 | |
| Select / deselect | 920 | |
| Use ability | 199 | |
2200 total
» units
| Peasant | 19 | |
| Footman | 10 | |
| Mortar Team | 4 | |
| Siege Engine | 3 | |
| Sorceress | 2 | |
| Priest | 2 | |
| Dragonhawk Rider | 6 | |
| Knight | 3 | |
49 total
» upgrades
| Defend | 1 | |
| Lumber Harvesting | 2 | |
| Priest Training | 2 | |
| Sorceress Training | 1 | |
| Barrage | 1 | |
| Cloud | 1 | |
| Masonry | 1 | |
| Swords | 1 | |
| Plating | 1 | |
| Gunpowder | 1 | |
| Magic Sentry | 1 | |
13 total
» buildings
| Altar of Kings | 1 | |
| Farm | 15 | |
| Barracks | 1 | |
| Lumber Mill | 1 | |
| Arcane Vault | 1 | |
| Scout Tower | 11 | |
| Guard Tower | 5 | |
| Town Hall | 5 | |
| Keep | 3 | |
| Blacksmith | 1 | |
| Castle | 1 | |
| Workshop | 2 | |
| Arcane Sanctum | 2 | |
| Gryphon Aviary | 2 | |
| Arcane Tower | 1 | |
52 total
» build order
00:28 Altar of Kings
00:31 Farm
00:43 Barracks
00:48 Farm
00:56 Lumber Mill
01:58 Farm
02:44 Arcane Vault
03:00 Farm
03:46 Scout Tower
03:50 Scout Tower
03:54 Scout Tower
03:56 Scout Tower
05:18 Guard Tower
05:20 Guard Tower
05:23 Town Hall
05:26 Scout Tower
05:27 Scout Tower
05:28 Scout Tower
05:30 Scout Tower
06:23 Guard Tower
06:36 Keep
06:38 Guard Tower
07:35 Blacksmith
07:43 Farm
07:46 Farm
08:37 Farm
09:08 Castle
09:13 Workshop
09:16 Arcane Sanctum
11:21 Workshop
11:43 Arcane Sanctum
12:06 Farm
12:33 Gryphon Aviary
14:25 Gryphon Aviary
15:18 Farm
15:20 Farm
15:24 Farm
15:30 Farm
15:34 Farm
15:35 Farm
15:36 Farm
23:44 Town Hall
25:16 Town Hall
25:23 Town Hall
27:33 Keep
27:34 Keep
30:02 Scout Tower
30:04 Scout Tower
30:07 Scout Tower
31:43 Guard Tower
31:44 Arcane Tower
33:41 Town Hall
» items
| Scroll of Regeneration | 4 | |
| Scroll of Town Portal | 2 | |
| Potion of Healing | 2 | |
| Potion of Mana | 1 | |
9 total

»
WindowsWiper (
teal | 44 APM | 3072 actions | 69:43)
1 Keeper of the Grove
1 Entangling Roots
» actions
| Assign group hotkey | 5 | |
| Basic commands | 12 | |
| Build / train | 99 | |
| Enter build submenu | 64 | |
| Enter hero's abilities submenu | 1 | |
| Remove unit from queue | 3 | |
| Right click | 2130 | |
| Select / deselect | 621 | |
| Select group hotkey | 2 | |
| Use ability | 135 | |
3072 total
» units
| Wisp | 44 | |
| Hippogryph | 21 | |
| Chimaera | 23 | |
88 total
» upgrades
| Nature's Blessing | 1 | |
| Corrosive Breath | 1 | |
| Strength of the Wild | 2 | |
4 total
» buildings
| Hunter's Hall | 1 | |
| Moon Well | 8 | |
| Ancient Protector | 34 | |
| Tree of Ages | 1 | |
| Ancient of Wind | 1 | |
| Altar of Elders | 1 | |
| Tree of Eternity | 1 | |
| Chimaera Roost | 2 | |
| Tree of Life | 5 | |
54 total
» build order
00:36 Hunter's Hall
00:41 Moon Well
02:18 Ancient Protector
02:24 Ancient Protector
03:23 Ancient Protector
03:32 Ancient Protector
04:01 Ancient Protector
04:06 Ancient Protector
04:28 Ancient Protector
05:17 Ancient Protector
05:39 Ancient Protector
06:20 Ancient Protector
06:24 Ancient Protector
06:52 Ancient Protector
07:34 Ancient Protector
08:15 Ancient Protector
08:31 Ancient Protector
08:36 Ancient Protector
09:12 Ancient Protector
09:17 Ancient Protector
09:48 Ancient Protector
14:33 Ancient Protector
14:38 Ancient Protector
15:03 Ancient Protector
15:09 Ancient Protector
15:14 Ancient Protector
16:30 Ancient Protector
16:35 Ancient Protector
16:40 Ancient Protector
16:58 Ancient Protector
17:21 Tree of Ages
19:13 Ancient Protector
19:22 Ancient Protector
19:26 Ancient Protector
19:32 Ancient Protector
19:37 Ancient Protector
19:46 Ancient of Wind
20:52 Altar of Elders
21:10 Moon Well
21:57 Moon Well
21:59 Tree of Eternity
24:29 Chimaera Roost
28:51 Chimaera Roost
29:00 Tree of Life
29:04 Moon Well
30:16 Ancient Protector
32:54 Tree of Life
53:24 Tree of Life
55:01 Tree of Life
60:49 Moon Well
61:27 Moon Well
61:54 Moon Well
62:28 Moon Well
63:18 Tree of Life
team 2 (winner)

»
Etty (
green | 116 APM | 2034 actions | 17:30)
4 Death Knight
2 Death Coil
1 Unholy Aura
1 Death Pact
2 Lich
1 Frost Nova
1 Dark Ritual
2 Crypt Lord
1 Carrion Beetles
1 Spiked Carapace
» actions
| Assign group hotkey | 17 | |
| Basic commands | 90 | |
| Build / train | 71 | |
| Enter build submenu | 20 | |
| Enter hero's abilities submenu | 10 | |
| Give item / drop item | 1 | |
| Right click | 598 | |
| Select / deselect | 298 | |
| Select group hotkey | 841 | |
| Use ability | 88 | |
2034 total
» units
| Acolyte | 7 | |
| Ghoul | 13 | |
| Frost Wyrm | 7 | |
27 total
» upgrades
| Creature Attack | 3 | |
| Creature Carapace | 2 | |
| Ghoul Frenzy | 1 | |
6 total
» buildings
| Crypt | 1 | |
| Altar of Darkness | 1 | |
| Ziggurat | 8 | |
| Tomb of Relics | 1 | |
| Halls of the Dead | 2 | |
| Graveyard | 2 | |
| Necropolis | 1 | |
| Black Citadel | 2 | |
| Spirit Tower | 4 | |
| Sacrificial Pit | 1 | |
| Boneyard | 3 | |
26 total
» build order
00:51 Crypt
00:55 Altar of Darkness
00:57 Ziggurat
00:59 Ziggurat
01:44 Tomb of Relics
05:13 Ziggurat
06:30 Halls of the Dead
06:48 Graveyard
07:03 Graveyard
07:42 Necropolis
08:59 Black Citadel
09:00 Black Citadel
09:06 Ziggurat
09:15 Ziggurat
09:17 Ziggurat
10:01 Ziggurat
10:08 Spirit Tower
10:10 Spirit Tower
10:39 Sacrificial Pit
11:42 Boneyard
11:48 Boneyard
11:56 Boneyard
13:02 Ziggurat
» items
| Rod of Necromancy | 3 | |
| Orb of Corruption | 2 | |
| Potion of Healing | 2 | |
| Potion of Mana | 1 | |
8 total
Jade (
purple | 62 APM | 4291 actions | 69:45)
11 Blademaster
3 Wind Walk
3 Critical Strike
2 Bladestorm
3 Mirror Image
1 Shadow Hunter
1 Healing Wave
» actions
| Assign group hotkey | 32 | |
| Basic commands | 74 | |
| Build / train | 102 | |
| Enter build submenu | 63 | |
| Enter hero's abilities submenu | 15 | |
| Give item / drop item | 6 | |
| Remove unit from queue | 1 | |
| Right click | 2727 | |
| Select / deselect | 660 | |
| Select group hotkey | 286 | |
| Use ability | 325 | |
4291 total
» units
| Peon | 19 | |
| Raider | 12 | |
| Troll Batrider | 3 | |
| Wind Rider | 5 | |
| Acolyte | 4 | |
| Ghoul | 5 | |
48 total
» upgrades
| Melee Weapons | 3 | |
| Ensnare | 1 | |
| Pillage | 1 | |
| Armor | 3 | |
| Reinforced Defenses | 1 | |
| Liquid Fire | 1 | |
| Ranged Weapons | 2 | |
| Envenomed Spears | 1 | |
13 total
» buildings
| Altar of Storms | 1 | |
| Orc Burrow | 10 | |
| Voodoo Lounge | 1 | |
| War Mill | 2 | |
| Stronghold | 4 | |
| Watch Tower | 37 | |
| Fortress | 1 | |
| Beastiary | 4 | |
| Great Hall | 2 | |
| Necropolis | 1 | |
| Graveyard | 1 | |
| Ziggurat | 6 | |
| Nerubian Tower | 1 | |
| Spirit Tower | 1 | |
| Crypt | 1 | |
73 total
» build order
00:04 Altar of Storms
00:13 Orc Burrow
00:56 Voodoo Lounge
01:27 War Mill
02:32 Stronghold
02:32 Stronghold
02:32 Stronghold
02:33 Stronghold
03:04 Watch Tower
03:05 Watch Tower
03:20 Orc Burrow
03:24 Orc Burrow
04:00 Orc Burrow
05:11 Fortress
05:31 Beastiary
05:32 Beastiary
10:21 Watch Tower
10:28 Watch Tower
10:29 Watch Tower
11:08 Watch Tower
14:47 Watch Tower
14:48 Watch Tower
14:49 Watch Tower
14:50 Watch Tower
17:06 Watch Tower
17:07 Watch Tower
17:08 Watch Tower
17:09 Watch Tower
17:10 Watch Tower
17:11 Watch Tower
25:01 Beastiary
25:02 Beastiary
25:06 Orc Burrow
25:06 Orc Burrow
25:08 Orc Burrow
26:30 Watch Tower
26:31 Watch Tower
26:32 Watch Tower
26:35 Watch Tower
45:39 Great Hall
50:17 Orc Burrow
50:19 Orc Burrow
52:44 Watch Tower
52:46 Watch Tower
52:48 Watch Tower
52:52 Watch Tower
52:53 Watch Tower
54:00 Watch Tower
54:03 Watch Tower
55:13 Watch Tower
55:15 Watch Tower
56:38 Orc Burrow
58:37 Necropolis
60:46 War Mill
61:27 Graveyard
61:30 Ziggurat
61:32 Ziggurat
61:33 Ziggurat
61:35 Ziggurat
61:38 Ziggurat
61:40 Ziggurat
62:29 Watch Tower
62:29 Watch Tower
62:30 Watch Tower
62:32 Watch Tower
62:33 Watch Tower
62:34 Watch Tower
62:34 Watch Tower
62:35 Watch Tower
62:47 Nerubian Tower
62:52 Spirit Tower
62:56 Crypt
67:34 Great Hall
» items
| Healing Salve | 7 | |
| Lesser Clarity Potion | 2 | |
| Scroll of Speed | 1 | |
| Circlet of Nobility | 1 | |
| Boots of Speed | 1 | |
| Orb of Lightning | 1 | |
| Scroll of Town Portal | 3 | |
16 total

»
MasterOfPoo (
pink | 50 APM | 1953 actions | 39:25)
5 Death Knight
2 Death Coil
3 Unholy Aura
4 Dreadlord
2 Vampiric Aura
2 Sleep
4 Crypt Lord
2 Spiked Carapace
2 Carrion Beetles
» actions
| Basic commands | 156 | |
| Build / train | 117 | |
| ESC pressed | 13 | |
| Enter build submenu | 54 | |
| Enter hero's abilities submenu | 14 | |
| Give item / drop item | 4 | |
| Right click | 813 | |
| Select / deselect | 662 | |
| Use ability | 115 | |
1953 total
» units
| Acolyte | 32 | |
| Ghoul | 35 | |
| Gargoyle | 5 | |
| Frost Wyrm | 7 | |
79 total
» upgrades
| Creature Attack | 2 | |
| Creature Carapace | 2 | |
| Freezing Breath | 1 | |
5 total
» buildings
| Altar of Darkness | 2 | |
| Ziggurat | 26 | |
| Crypt | 8 | |
| Tomb of Relics | 2 | |
| Graveyard | 1 | |
| Halls of the Dead | 8 | |
| Nerubian Tower | 2 | |
| Spirit Tower | 1 | |
| Sacrificial Pit | 1 | |
| Black Citadel | 1 | |
| Necropolis | 6 | |
| Boneyard | 2 | |
| Altar of Storms | 1 | |
| Orc Burrow | 3 | |
64 total
» build order
00:10 Altar of Darkness
00:11 Ziggurat
00:46 Crypt
01:00 Crypt
01:05 Crypt
01:51 Ziggurat
02:44 Ziggurat
03:04 Tomb of Relics
04:27 Ziggurat
05:53 Graveyard
06:43 Halls of the Dead
06:43 Halls of the Dead
06:43 Halls of the Dead
07:21 Ziggurat
07:24 Ziggurat
07:25 Ziggurat
07:36 Ziggurat
07:38 Ziggurat
07:47 Ziggurat
08:03 Tomb of Relics
08:22 Nerubian Tower
08:22 Nerubian Tower
08:25 Ziggurat
08:26 Ziggurat
09:01 Spirit Tower
09:11 Sacrificial Pit
09:35 Black Citadel
10:19 Necropolis
12:10 Boneyard
12:11 Boneyard
14:20 Necropolis
15:36 Necropolis
15:55 Necropolis
16:03 Crypt
17:44 Halls of the Dead
17:45 Halls of the Dead
21:05 Altar of Darkness
22:58 Necropolis
24:42 Ziggurat
25:06 Ziggurat
25:07 Ziggurat
25:41 Ziggurat
25:42 Ziggurat
25:50 Ziggurat
25:53 Ziggurat
25:54 Ziggurat
25:55 Ziggurat
29:19 Crypt
29:20 Ziggurat
29:21 Ziggurat
29:22 Ziggurat
29:23 Ziggurat
29:24 Ziggurat
34:58 Altar of Storms
35:00 Orc Burrow
35:01 Orc Burrow
35:02 Orc Burrow
35:47 Necropolis
35:49 Crypt
35:50 Crypt
36:10 Crypt
» items
| Orb of Corruption | 2 | |
| Orb of Lightning | 1 | |
3 total

»
Spiadysux (
yellow | 97 APM | 3285 actions | 33:59)
4 Blademaster
2 Wind Walk
2 Critical Strike
5 Shadow Hunter
3 Healing Wave
2 Hex
» actions
| Assign group hotkey | 57 | |
| Basic commands | 21 | |
| Build / train | 116 | |
| ESC pressed | 16 | |
| Enter build submenu | 73 | |
| Enter hero's abilities submenu | 9 | |
| Give item / drop item | 3 | |
| Right click | 1223 | |
| Select / deselect | 582 | |
| Select group hotkey | 1047 | |
| Use ability | 138 | |
3285 total
» units
| Peon | 39 | |
| Grunt | 7 | |
| Shaman | 5 | |
| Raider | 6 | |
| Tauren | 4 | |
| Troll Witch Doctor | 1 | |
62 total
» upgrades
| Armor | 2 | |
| Spiked Barricades | 3 | |
| Berserker Strength | 1 | |
| Melee Weapons | 2 | |
| Pillage | 1 | |
| Ensnare | 1 | |
| Shaman Training | 2 | |
| Witch Doctor Training | 4 | |
| Reinforced Defenses | 2 | |
18 total
» buildings
| Altar of Storms | 5 | |
| Orc Burrow | 11 | |
| Barracks | 1 | |
| Voodoo Lounge | 1 | |
| War Mill | 3 | |
| Stronghold | 9 | |
| Watch Tower | 31 | |
| Fortress | 2 | |
| Great Hall | 3 | |
| Spirit Lodge | 2 | |
| Beastiary | 2 | |
| Tauren Totem | 2 | |
72 total
» build order
00:33 Altar of Storms
00:45 Orc Burrow
01:01 Barracks
01:42 Voodoo Lounge
01:59 Orc Burrow
02:24 War Mill
03:24 Stronghold
03:25 Stronghold
03:25 Stronghold
03:25 Stronghold
04:55 Watch Tower
06:06 Watch Tower
06:41 Fortress
06:51 Orc Burrow
07:24 War Mill
08:05 Great Hall
08:25 Watch Tower
09:53 Watch Tower
10:46 Orc Burrow
10:49 Orc Burrow
10:55 Orc Burrow
10:59 Watch Tower
11:51 Spirit Lodge
11:54 Spirit Lodge
11:57 Beastiary
12:00 Beastiary
12:20 Watch Tower
12:36 Watch Tower
14:06 Watch Tower
14:09 Watch Tower
15:20 Orc Burrow
15:34 Tauren Totem
15:55 Tauren Totem
16:32 Watch Tower
17:46 Watch Tower
18:29 Watch Tower
20:19 Watch Tower
20:22 Watch Tower
20:29 Orc Burrow
20:42 Watch Tower
22:09 Watch Tower
22:12 Watch Tower
22:14 Watch Tower
22:19 Watch Tower
24:29 Great Hall
26:28 Altar of Storms
28:15 Altar of Storms
28:20 Altar of Storms
28:24 Altar of Storms
29:09 Great Hall
30:23 Watch Tower
30:25 Watch Tower
30:36 War Mill
31:14 Watch Tower
31:14 Watch Tower
31:25 Watch Tower
31:28 Watch Tower
32:19 Watch Tower
32:21 Watch Tower
32:24 Stronghold
32:25 Stronghold
32:48 Watch Tower
32:49 Watch Tower
33:07 Watch Tower
33:21 Watch Tower
33:27 Orc Burrow
33:35 Orc Burrow
33:37 Orc Burrow
» items
| Healing Salve | 4 | |
| Lesser Clarity Potion | 2 | |
| Orb of Lightning | 1 | |
| Scroll of Town Portal | 1 | |
| Tiny Great Hall | 1 | |
9 total
Chat log
(00:47 / Allies) MasterOfPoo: hiya
(00:49 / Allies) Spiadysux: im gonna tower
(00:50 / Allies) Spiadysux: to bats
(01:08 / All) WindowsWiper: Syria ftw
(01:15 / All) Etty: what happened now
(01:17 / All) Jade: #voteyesonworldwar3
(01:17 / All) MasterOfPoo: WHITE POWER FOR THE WIN
(01:20 / All) Spiadysux: syria for the win
(01:25 / All) MasterOfPoo: what happened? im canadian
(01:26 / All) I_Hustle: yes
(01:31 / All) MasterOfPoo: i know the whole shindig
(01:34 / All) MasterOfPoo: but is there a vote now?
(01:35 / All) Etty: did something else get hacked?
(01:47 / All) MasterOfPoo: are you guys gonna nuke then rape them?
(01:55 / All) cooner: somebody needs to take out the us
(01:59 / All) Etty: usa is going to nuke canada
(02:00 / All) Etty: lmao
(02:02 / All) MasterOfPoo: pfft
(02:07 / All) MasterOfPoo: we will burn your whitehouse down again
(02:10 / All) Etty: with their muskets
(02:12 / All) Etty: hahaha
(02:25 / All) Jade: dont blame me
(02:25 / All) Etty: double barrel
(02:25 / All) MasterOfPoo: our hockey team is our army
(02:28 / All) Jade: i voted for mccain
(02:38 / All) ExC3lM4tt: MOBTREAL CANADIAN!!!
(02:43 / All) Etty: canada is going to ice skate usa to death
(02:54 / All) MasterOfPoo: then burn your whitehouse down
(02:58 / All) Etty: Hahaha
(03:35 / Allies) Spiadysux: come
(03:36 / Allies) Spiadysux: purp
(03:38 / All) Etty: gun powder bullets
(03:42 / All) Etty: pellets
(03:43 / All) Etty: hahaha
(03:48 / Allies) MasterOfPoo: let me help u green
(03:53 / All) Etty: Hahaha
(04:12 / Allies) Spiadysux: only 2
(04:13 / Allies) Spiadysux: towers
(04:15 / Allies) Jade: let him tower
(04:32 / Allies) Etty: u wanna expo mid?
(04:33 / Allies) Spiadysux: come
(04:35 / Allies) Spiadysux: guys
(04:40 / Allies) Etty: k bring acos
(04:40 / All) WindowsWiper: You laugh at me because I'm different, I laugh at you because you're all the same.
(04:50 / All) Etty: wow
(04:52 / All) Etty: quote of the day
(04:56 / All) ExC3lM4tt: teal = no brain
(04:57 / All) Jade: teal im ur biggest fan
(05:00 / All) MasterOfPoo: want a cookie teal?
(05:18 / All) cooner: is teal that bad or am i seeing things
(05:20 / Allies) MasterOfPoo: item urs
(05:31 / All) WindowsWiper: Those trees were my friends.
(05:32 / All) Etty: teal needs some gun powder
(05:33 / All) Etty: that's all
(05:45 / All) MasterOfPoo: or bath salts
(05:47 / All) Jade: i love tree
(06:09 / All) WindowsWiper: You orcs will pay for destroying my friends.
(06:23 / All) Jade: rest in shit cenarius
(06:24 / All) Spiadysux: teal is the mustang
(06:30 / All) Spiadysux: watch out
(06:34 / All) WindowsWiper: I'm Treebeard.
(06:51 / All) cooner: i know teals main acc
(06:56 / All) MasterOfPoo: ?
(06:58 / All) WindowsWiper: Don't say it,
(07:02 / All) I_Hustle: say it
(07:09 / All) MasterOfPoo: ill give u teals cookie
(07:11 / All) MasterOfPoo: if u say it
(07:22 / All) cooner: cant ruin teals fun
(07:40 / All) MasterOfPoo: is he a fan?
(07:46 / All) WindowsWiper: My sponsor would have my head for this if they knew I was doing this.
(07:51 / All) MasterOfPoo: or sorry
(07:53 / All) MasterOfPoo: does teal have fans?
(07:57 / All) WindowsWiper: Yes.
(07:58 / All) cooner: teal is grubby
(08:01 / All) WindowsWiper: I'm sort of a big deal.
(08:07 / All) MasterOfPoo: troy?
(08:11 / All) I_Hustle: lol grubby
(08:26 / All) WindowsWiper: I'm also a prominent streamer.
(08:38 / All) MasterOfPoo: i go by the stage name asa akira
(08:41 / All) Jade: kripparian?
(08:49 / All) Etty: hahaha
(08:52 / All) Etty: nuru
(09:00 / All) WindowsWiper: It's me, Athene.
(09:03 / All) MasterOfPoo: ^_^
(09:04 / All) WindowsWiper: #1 Gamer.
(09:13 / Allies) Etty: coil me pink
(09:38 / All) WindowsWiper: There should be a Hunter's Hall upgrade for tree damage.
(09:46 / All) Etty: NE is no orc
(10:17 / All) Etty: blue
(10:22 / All) I_Hustle: yo
(10:32 / All) Etty: did i spoil ur plans bud
(11:00 / All) I_Hustle: what plans
(11:18 / Allies) Spiadysux: green
(11:35 / All) cooner: green is pro
(11:51 / All) WindowsWiper: Purple has raiders.
(11:55 / All) Jade: i do
(12:04 / All) MasterOfPoo: i have them actually thank you very much
(12:27 / Allies) Etty: what item was it?
(12:29 / Allies) Etty: mid
(13:30 / Allies) MasterOfPoo: help?
(13:35 / All) WindowsWiper: I dearly hope there's a special place in hell for you, Yellow.
(13:52 / Allies) Etty: reapir
(13:54 / Allies) Etty: repair
(16:00 / All) WindowsWiper: This isn't like Lord of the Rings.
(16:02 / All) WindowsWiper: What the fuck?
(16:22 / All) WindowsWiper: In Lord of the Rings the trees could take on multiple orcs.
(16:31 / All) ExC3lM4tt: wow
(16:52 / All) WindowsWiper: I'm sick of indie developers pulling this shit.
(18:15 / Allies) Jade: ignore teal he has no fucking unuits
(18:35 / All) WindowsWiper: I've become so numb.
(19:54 / Allies) Spiadysux: focuz frost
(20:02 / Allies) Spiadysux: tp?
(20:06 / Allies) Jade: no
(21:20 / All) WindowsWiper: d
(21:52 / Allies) Spiadysux: defend =
(21:52 / Allies) Spiadysux: ?
(21:55 / Allies) MasterOfPoo: nah
(24:06 / All) ExC3lM4tt: lol
(24:31 / Allies) MasterOfPoo: purp only 50 food?
(24:51 / Allies) Jade: saves gold
(25:04 / Allies) Spiadysux: share me
(25:05 / Allies) Spiadysux: pls
(25:12 / Allies) Spiadysux: purp
(25:12 / Allies) Spiadysux: pls
(25:17 / Allies) Spiadysux: now
(29:45 / Allies) Spiadysux: use bm
(29:46 / Allies) Spiadysux: pls
(29:52 / Allies) Spiadysux: bats
(31:58 / All) Spiadysux: GG
(35:20 / Allies) MasterOfPoo: wood?
(35:53 / All) ExC3lM4tt: bye
(35:57 / All) MasterOfPoo: nice map hack
(35:59 / All) Jade: you leaving?
(35:59 / All) MasterOfPoo: where did u gtet it
(36:03 / All) ExC3lM4tt: what?
(36:07 / All) ExC3lM4tt: LOL
(36:15 / All) ExC3lM4tt: you know scout?
(36:19 / All) MasterOfPoo: u know mh?
(36:25 / All) ExC3lM4tt: no sry buddy
(36:31 / All) MasterOfPoo: sure thing pal :)
(36:52 / All) ExC3lM4tt: ya thats the 3v4
(37:07 / All) ExC3lM4tt: it hurts sometimes
(39:38 / All) ExC3lM4tt: pink mad
(39:45 / All) Jade: pink gone
(40:09 / All) WindowsWiper: What about you, purple?
(40:12 / All) WindowsWiper: Are you mad?
(40:15 / All) Jade: no
(42:39 / All) WindowsWiper: Shit I forgot to make a hero.
(43:16 / All) ExC3lM4tt: jade est morte
(43:27 / All) WindowsWiper: gg
(43:30 / All) WindowsWiper: leave
(44:26 / All) I_Hustle: leave your done for
(44:42 / All) WindowsWiper: Why aren't you leaving?
(44:56 / All) WindowsWiper: You killed Cenarius.
(44:59 / All) WindowsWiper: You sick fuck.
(45:04 / All) Jade: id do it again
(45:37 / All) I_Hustle: if teal would have gotten units this game would have been long over
(45:47 / All) WindowsWiper: I did get units.
(45:53 / All) WindowsWiper: I got treant protectors.
(46:04 / All) ExC3lM4tt: lol
(46:25 / All) ExC3lM4tt: die
(46:40 / All) WindowsWiper: HES BACK
(51:02 / All) WindowsWiper: You are one pesky fuck.
(51:13 / All) Jade: confirmed
(68:13 / All) I_Hustle: gg
(68:18 / All) Jade: get fucked
(68:49 / All) WindowsWiper: treants are underpowered
(68:53 / All) Jade: agreed
(69:02 / All) WindowsWiper: I let you win, anyway.
(69:06 / All) Jade: agreed
(69:42 / All) WindowsWiper: ;)